[Event "Monday 09 April, Rapid Engine Tour 13+2 Rds 7, starts 16.00 ST"]
[Site "Infinity Chess"]
[Date "2018.4.9"]
[Round "6"]
[White "OlivierEvan"]
[Black "Dovahkiin"]
[Result "1/2-1/2"]
[ECO "A06"]
[WhiteElo "2372"]
[BlackElo "2395"]
[WhiteEngine "Houdini 6"]
[BlackEngine "Raubfisch ME262_GTZ16f_CTG"]
[EventType "Swiss"]
[WhiteTeam ""]
[BlackTeam ""]
[PlyCount "127"]
[TimeControl "780+2"]

1. Nf3 d5 2. d4 Nf6 3. c4 e6 4. Nc3 c6 5. Qd3 b6 6. cxd5 cxd5 7. Qc2 Bb7 
8. Bf4 Be7 9. e3 O-O 10. Bd3 Nc6 11. a3 Rc8 12. O-O Na5 13. Ne5 Kh8 14. Qe2 Ne4 
15. Qh5 Kg8 16. Qh3 f5 17. g4 Bg5 18. Bxg5 Nxg5 19. Qg2 Ne4 20. gxf5 Nxc3 
21. bxc3 exf5 22. Rac1 Rc7 23. a4 g5 24. Qh3 Qf6 25. Bb5 Qe6 26. f3 Rg7 
27. Rce1 Qd6 28. Re2 Nc6 29. Bxc6 Bxc6 30. Ra2 Bd7 31. a5 b5 32. Kh1 f4 
33. Nxd7 Qxd7 34. Qxd7 Rxd7 35. exf4 Rxf4 36. a6 g4 37. Kg2 Rdf7 38. Rb2 gxf3+ 
39. Kf2 Re4 40. Rg1+ Kf8 41. Rg3 Re6 42. Rxf3 Rxa6 43. Rxf7+ Kxf7 44. Rxb5 Ra2+ 
45. Kg3 Ra3 46. Rc5 Ke6 47. Rc6+ Kd7 48. Rh6 Rxc3+ 49. Kf4 a5 50. Ke5 a4 
51. Kxd5 Kc7 52. Rxh7+ Kb6 53. Rh6+ Kb5 54. h4 a3 55. Rh7 Rc6 56. Rb7+ Rb6 
57. Ra7 Ra6 58. Rb7+ Ka4 59. Kc4 a2 60. Rb4+ Ka3 61. Rb3+ Ka4 62. Rb4+ Ka3 
63. Rb3+ Ka4 64. Rb4+ 1/2-1/2

[Event "Monday 09 April, Rapid Engine Tour 13+2 Rds 7, starts 16.00 ST"]
[Site "Infinity Chess"]
[Date "2018.4.9"]
[Round "6"]
[White "star99"]
[Black "Time_bandit"]
[Result "1/2-1/2 "]
[ECO "D20"]
[WhiteElo "2444"]
[BlackElo "2442"]
[WhiteEngine "Cryptic Heroes 9.3B"]
[BlackEngine "asmFishW_2018-02-02_popcnt"]
[EventType "Swiss"]
[WhiteTeam ""]
[BlackTeam ""]
[PlyCount "132"]
[TimeControl "780+2"]

1. d4 d5 2. c4 dxc4 3. e3 Nf6 4. Nf3 e6 5. Bxc4 c5 6. O-O a6 7. b3 cxd4 
8. Nxd4 Bd6 9. Bd3 O-O 10. Bb2 b5 11. a4 bxa4 12. Rxa4 Bb7 13. Nf3 Be7 
14. Rd4 Qa5 15. Nbd2 Nbd7 16. Qe2 Rfc8 17. Ra1 Qb6 18. Rb1 a5 19. Qd1 h6 
20. Nc4 Qc7 21. Rc1 Qb8 22. Rb1 Bc6 23. Rf4 Rd8 24. Qe2 Qb7 25. h3 Be4 
26. Bc2 Rdc8 27. Bxe4 Nxe4 28. Nfd2 Nxd2 29. Nxd2 Bf6 30. Bxf6 Nxf6 31. Ra1 Rc3 
32. Rfa4 Rd8 33. Rxa5 Rc2 34. Qf3 Qb4 35. Nc4 Qxb3 36. Ra8 Rxa8 37. Qxa8+ Kh7 
38. Nd6 Qb2 39. Rf1 Rc7 40. Qa1 Qxa1 41. Rxa1 h5 42. Ra6 h4 43. Kh2 Rd7 
44. e4 g5 45. e5 Nd5 46. Ra8 f5 47. exf6 Nxf6 48. Ra6 Kg6 49. Nc4 Rc7 
50. Ne3 Kf7 51. g3 hxg3+ 52. Kxg3 Rc3 53. Ra5 Rc7 54. Re5 Rc6 55. f3 Kg6 
56. h4 gxh4+ 57. Kxh4 Ra6 58. Rg5+ Kf7 59. Kg3 Ra3 60. Re5 Nd7 61. Re4 Nf6 
62. Re5 Nh5+ 63. Rxh5 Rxe3 64. Kf2 Ra3 65. Rh7+ Kf6 66. Rh6+ Ke5 1/2-1/2

[Event "Monday 09 April, Rapid Engine Tour 13+2 Rds 7, starts 16.00 ST"]
[Site "Infinity Chess"]
[Date "2018.4.9"]
[Round "6"]
[White "SkyPilot"]
[Black "Thinker"]
[Result "1/2-1/2"]
[ECO "D15"]
[WhiteElo "2460"]
[BlackElo "2462"]
[WhiteEngine "stockfish_x64_bmi2_2018_04_07_CTG"]
[BlackEngine "BrainFish_180404_x64_modern_CTG"]
[EventType "Swiss"]
[WhiteTeam ""]
[BlackTeam ""]
[PlyCount "109"]
[TimeControl "780+2"]

1. d4 d5 2. c4 c6 3. Nf3 Nf6 4. Nc3 e6 5. Bg5 h6 6. Bh4 dxc4 7. e4 g5 8. Bg3 b5 
9. Be2 Bb7 10. h4 g4 11. Ne5 Nbd7 12. Nxd7 Qxd7 13. Be5 Qe7 14. O-O Rg8 
15. b3 Bg7 16. g3 b4 17. Na4 Nxe4 18. Bxc4 c5 19. Bxg7 Rxg7 20. Bd3 Nc3 
21. Qd2 cxd4 22. Nxc3 bxc3 23. Bb5+ Kf8 24. Qxd4 Rc8 25. Qxa7 Bd5 26. Qe3 Qc5 
27. Qxc5+ Rxc5 28. Bd3 Rc8 29. Rfc1 f5 30. a4 Rgc7 31. Bc2 Rb8 32. a5 Rb4 
33. a6 Ra7 34. Kf1 Rb6 35. Bd3 Rxb3 36. Rcb1 Rxb1+ 37. Rxb1 Ke7 38. Rc1 Be4 
39. Bxe4 fxe4 40. Rxc3 Rxa6 41. Rc4 Ra1+ 42. Ke2 Ra5 43. Rxe4 h5 44. Rb4 Ra2+ 
45. Kf1 Ra1+ 46. Ke2 Ra2+ 47. Ke1 Ra1+ 48. Kd2 Ra2+ 49. Ke1 Kf6 50. Kf1 Ra5 
51. Ke2 Rf5 52. Re4 Re5 53. Rxe5 Kxe5 54. f3 gxf3+ 55. Kxf3 1/2-1/2

[Event "Monday 09 April, Rapid Engine Tour 13+2 Rds 7, starts 16.00 ST"]
[Site "Infinity Chess"]
[Date "2018.4.9"]
[Round "6"]
[White "Katzenmaier"]
[Black "Susanne"]
[Result "1/2-1/2"]
[ECO "B23"]
[WhiteElo "2488"]
[BlackElo "2504"]
[WhiteEngine "Raubfisch X36b"]
[BlackEngine "BrainFish_180408_x64_bmi2_CTG"]
[EventType "Swiss"]
[WhiteTeam ""]
[BlackTeam ""]
[PlyCount "141"]
[TimeControl "780+2"]

1. e4 c5 2. Nc3 Nc6 3. Nge2 e6 4. d4 cxd4 5. Nxd4 Nf6 6. Nxc6 bxc6 7. e5 Nd5 
8. Ne4 Qc7 9. f4 Qa5+ 10. Bd2 Qb6 11. Bd3 Nb4 12. Bxb4 Bxb4+ 13. c3 Be7 
14. Qe2 f5 15. Ng3 c5 16. Nf1 Bh4+ 17. Kd1 O-O 18. Ne3 d5 19. exd6 Qxd6 
20. Nc4 Qc7 21. Rf1 g6 22. Kc2 Re8 23. Qe5 Qe7 24. g3 Bf6 25. Qd6 Bb7 
26. Qxe7 Rxe7 27. Rae1 Bd5 28. Rf2 Rd8 29. Nd2 Kf7 30. Bc4 Rb7 31. Rfe2 Rb6 
32. h3 Rdb8 33. Rb1 h6 34. h4 Kg7 35. Rh2 Kf7 36. Rf2 Ba8 37. a4 Rd6 38. Re2 Bd5 
39. a5 Rbd8 40. Rbe1 Rc8 41. Rd1 Rcd8 42. Rde1 Rc8 43. Rh2 Rg8 44. Re3 Rdd8 
45. Rhe2 Rd6 46. Rh2 Rdd8 47. Re1 Rd6 48. Ra1 Rd7 49. Rg1 Rb7 50. Re1 Re7 
51. Rhe2 Rge8 52. Bb5 Rd8 53. Bc4 Rb7 54. Re3 Rd6 55. Rb1 Rbd7 56. Re2 Rd8 
57. Rf1 R6d7 58. Rh2 Rg8 59. Rg1 Rc7 60. Re1 Rb7 61. h5 g5 62. Rhe2 Re7 
63. g4 gxf4 64. gxf5 Bxc4 65. Nxc4 exf5 66. Rxe7+ Bxe7 67. Ne5+ Kf6 68. Nd7+ Kf7 
69. Ne5+ Kf6 70. Nd7+ Kf7 71. Ne5+ 1/2-1/2

[Event "Monday 09 April, Rapid Engine Tour 13+2 Rds 7, starts 16.00 ST"]
[Site "Infinity Chess"]
[Date "2018.4.9"]
[Round "6"]
[White "RonWeasley"]
[Black "MCDermont"]
[Result "1/2-1/2 "]
[ECO "D30"]
[WhiteElo "2457"]
[BlackElo "2472"]
[WhiteEngine "BrainFish 090218_CTG"]
[BlackEngine "BrainFish 090218"]
[EventType "Swiss"]
[WhiteTeam ""]
[BlackTeam ""]
[PlyCount "149"]
[TimeControl "780+2"]

1. d4 d5 2. c4 e6 3. Nf3 Nf6 4. Nc3 dxc4 5. e4 Bb4 6. Bg5 c5 7. Bxc4 cxd4 
8. Nxd4 Bxc3+ 9. bxc3 Qa5 10. Bxf6 Qxc3+ 11. Kf1 gxf6 12. Rc1 Qa5 13. g3 Bd7 
14. Kg2 O-O 15. Qf3 Nc6 16. Qxf6 Qd8 17. Qxd8 Rfxd8 18. Nb3 Be8 19. Rhd1 Rxd1 
20. Rxd1 Nb4 21. Rd2 Rc8 22. Be2 a6 23. Rb2 Nc2 24. f4 Ba4 25. Na5 b5 26. e5 Nd4 
27. Kf2 Rc3 28. Nb7 Bc2 29. Nd6 Nxe2 30. Kxe2 Bf5 31. Ne8 Bg6 32. Rd2 Kf8 
33. Nf6 Kg7 34. g4 h5 35. h3 Rxh3 36. Rd8 Bh7 37. Nxh5+ Kg6 38. Nf6 Rh2+ 
39. Ke3 Rxa2 40. f5+ exf5 41. gxf5+ Kxf5 42. Nxh7 Kxe5 43. Ng5 Ra3+ 44. Ke2 Ra2+ 
45. Kd3 Ra3+ 46. Kc2 a5 47. Nxf7+ Kf6 48. Nd6 a4 49. Nxb5 Rh3 50. Ra8 a3 
51. Nxa3 Rh1 52. Nb1 Ke5 53. Rd8 Rh2+ 54. Kd3 Rh4 55. Nc3 Rh1 56. Re8+ Kf6 
57. Ne4+ Kg7 58. Kc4 Kg6 59. Re6+ Kf5 60. Re8 Ra1 61. Nd6+ Kg6 62. Re6+ Kh7 
63. Re5 Rc1+ 64. Kb3 Ra1 65. Re7+ Kg8 66. Kb4 Rb1+ 67. Ka4 Ra1+ 68. Kb5 Rb1+ 
69. Ka4 Ra1+ 70. Kb5 Rb1+ 71. Ka6 Ra1+ 72. Kb6 Rb1+ 73. Ka5 Ra1+ 74. Kb4 Rb1+ 
75. Kc3 1/2-1/2

[Event "Monday 09 April, Rapid Engine Tour 13+2 Rds 7, starts 16.00 ST"]
[Site "Infinity Chess"]
[Date "2018.4.9"]
[Round "6"]
[White "CrapCleaner"]
[Black "MarioDeMonti"]
[Result "0-1"]
[ECO "C55"]
[WhiteElo "2493"]
[BlackElo "2499"]
[WhiteEngine "komodo-11.3.1-64bit-BMI2_CTG"]
[BlackEngine "stockfish_x64_bmi2_2018_02_18_CTG"]
[EventType "Swiss"]
[WhiteTeam ""]
[BlackTeam ""]
[PlyCount "160"]
[TimeControl "780+2"]

1. e4 e5 2. Nf3 Nc6 3. Bc4 Nf6 4. d3 Bc5 5. O-O d6 6. c3 O-O 7. Bg5 h6 8. Bh4 a5 
9. a4 g5 10. Bg3 Kg7 11. Nbd2 Ba7 12. Nb3 Ne7 13. Re1 Nh5 14. d4 Nxg3 
15. hxg3 Ng6 16. Nfd2 f5 17. exf5 Bxf5 18. Nf1 c6 19. Ne3 Qf6 20. Qd2 Bd7 
21. Rad1 d5 22. Bd3 e4 23. Bb1 b6 24. c4 Qd6 25. Nc1 Rae8 26. Ne2 Ne7 
27. Rc1 Bb8 28. Ba2 Nf5 29. Rc3 Re7 30. cxd5 Nxe3 31. Rxe3 cxd5 32. Nc3 Bc6 
33. Bb3 Ref7 34. R1e2 Bb7 35. Qd1 h5 36. Rc2 g4 37. Nxe4 dxe4 38. Bxf7 Rxf7 
39. Rce2 Bc7 40. Rxe4 Bxe4 41. Rxe4 Bd8 42. Qd3 Bf6 43. Rf4 Qd5 44. b3 Rd7 
45. Kh2 Qe6 46. Qc3 Rd6 47. b4 axb4 48. Qxb4 Rd5 49. Qb1 Bxd4 50. Qa2 Be5 
51. Qe2 Qe7 52. Re4 Qg5 53. Qf1 h4 54. f4 gxf3 55. Qxf3 Qxg3+ 56. Qxg3+ hxg3+ 
57. Kh3 Kf6 58. Kg4 Rd4 59. Rxd4 Bxd4 60. Kxg3 Ke5 61. Kg4 Kd5 62. Kf5 Ba1 
63. Kg6 Kc4 64. Kf5 Kb4 65. g4 Kxa4 66. Ke6 b5 67. Ke7 b4 68. g5 Kb5 69. g6 Kc4 
70. Ke6 b3 71. Kd6 Bd4 72. Ke6 b2 73. g7 Bxg7 74. Kf7 b1=Q 75. Kxg7 Qf5 
76. Kh6 Kd4 77. Kg7 Ke5 78. Kh6 Qg4 79. Kh7 Kf6 80. Kh6 Qh3# 0-1

[Event "Monday 09 April, Rapid Engine Tour 13+2 Rds 7, starts 16.00 ST"]
[Site "Infinity Chess"]
[Date "2018.4.9"]
[Round "6"]
[White "THE_MACHINE"]
[Black "TasicV"]
[Result "1/2-1/2"]
[ECO "C55"]
[WhiteElo "2567"]
[BlackElo "2408"]
[WhiteEngine "BrainFish_180408_x64_bmi2"]
[BlackEngine "SugaR.XPrO.1.4.64.POCNT_CTG"]
[EventType "Swiss"]
[WhiteTeam ""]
[BlackTeam ""]
[PlyCount "121"]
[TimeControl "780+2"]

1. e4 e5 2. Nf3 Nc6 3. Bc4 Nf6 4. d3 Bc5 5. O-O d6 6. c3 O-O 7. Nbd2 a5 
8. Re1 h6 9. Nf1 a4 10. h3 Ra5 11. Ng3 b5 12. b4 axb3 13. Bxb3 Be6 14. Rb1 Bb6 
15. d4 Bxb3 16. axb3 Ra2 17. Rb2 Ra1 18. Qd3 b4 19. Rbe2 d5 20. Nxe5 Nxe5 
21. dxe5 Nxe4 22. Nxe4 dxe4 23. Qc4 bxc3 24. Qxc3 Qd4 25. Qxd4 Bxd4 26. Rxe4 Rd8 
27. Bf4 Rxe1+ 28. Rxe1 Rb8 29. Rd1 Bc3 30. g4 g5 31. Bg3 Rxb3 32. Rd8+ Kg7 
33. Rd7 Kf8 34. Rxc7 Bd4 35. Rc8+ Ke7 36. Kg2 Rb5 37. Rh8 Bxe5 38. Bxe5 Rxe5 
39. Rxh6 Rb5 40. Rc6 f6 41. Rc8 f5 42. gxf5 Kf6 43. Ra8 Rxf5 44. Kg3 Rb5 
45. Rf8+ Kg6 46. Rd8 Kf7 47. Rd6 Kg7 48. Rd4 Kg6 49. Rd6+ Kf5 50. Rd3 Kf6 
51. Kg4 Rb4+ 52. Kf3 Rb5 53. Rd7 Rb3+ 54. Kg2 Rb2 55. Kg3 Kf5 56. Rf7+ Kg6 
57. Re7 Rb3+ 58. Kg2 Kf5 59. Rg7 Rb2 60. Kg3 Rb3+ 61. Kg2 1/2-1/2

[Event "Monday 09 April, Rapid Engine Tour 13+2 Rds 7, starts 16.00 ST"]
[Site "Infinity Chess"]
[Date "2018.4.9"]
[Round "5"]
[White "OlivierEvan"]
[Black "Deep_Impact"]
[Result "1/2-1/2 "]
[ECO "A06"]
[WhiteElo "2369"]
[BlackElo "2450"]
[WhiteEngine "Houdini 6"]
[BlackEngine "asmFishW_2018-04-07_bmi2"]
[EventType "Swiss"]
[WhiteTeam ""]
[BlackTeam ""]
[PlyCount "200"]
[TimeControl "780+2"]

1. Nf3 d5 2. d4 e6 3. c4 Nf6 4. Nc3 c6 5. Bg5 h6 6. Bxf6 Qxf6 7. e3 Nd7 
8. Bd3 dxc4 9. Bxc4 g6 10. O-O Bg7 11. a4 a5 12. Qd3 O-O 13. Rfd1 b6 14. e4 Qe7 
15. Rd2 Rd8 16. Rad1 Bb7 17. Qe2 Nf6 18. h3 Rab8 19. e5 Nd5 20. Nxd5 exd5 
21. Bd3 Bc8 22. Nh2 c5 23. Bb5 Be6 24. f4 Qh4 25. Qf3 h5 26. Nf1 Bh6 27. g3 Qxh3 
28. Ne3 Bf5 29. Nxf5 Qxf5 30. Bd3 Qd7 31. Rh2 c4 32. Bc2 f5 33. exf6 Qf7 
34. Re2 Qxf6 35. Kg2 Rd6 36. Re5 Qf7 37. Rde1 Rf8 38. b3 h4 39. f5 Bg7 
40. gxh4 cxb3 41. Bxb3 Kh8 42. Rf1 Qd7 43. Rxd5 Rxd5 44. Qxd5 Qxd5+ 
45. Bxd5 Rxf5 46. Rxf5 gxf5 47. Kf3 Bxd4 48. Kf4 Kg7 49. Kxf5 b5 50. axb5 a4 
51. h5 a3 52. Kg5 a2 53. Bxa2 Be3+ 54. Kf5 Bf2 55. Bb3 Bb6 56. Bc4 Bg1 
57. Bd3 Bf2 58. Bf1 Kh7 59. Kg4 Kh6 60. Bc4 Bc5 61. Ba2 Kg7 62. Be6 Bg1 
63. Bc4 Bf2 64. Kf3 Bb6 65. Bd5 Bg1 66. Kf4 Bf2 67. Bc6 Kf7 68. Be4 Bb6 
69. h6 Bg1 70. Kf5 Kg8 71. Ke5 Bf2 72. Kf6 Bd4+ 73. Kg5 Kh8 74. Bc6 Kg8 
75. Kh5 Bc5 76. Kg6 Bd4 77. Ba8 Bc5 78. Bd5+ Kh8 79. Bc4 Bg1 80. Bf7 Bf2 
81. Kh5 Bb6 82. Bb3 Ba5 83. Kg6 Bb6 84. Bd1 Bg1 85. Bc2 Bf2 86. Bf5 Be3 
87. Be4 Bb6 88. Bh1 Bg1 89. Bf3 Bf2 90. Bg4 Bg1 91. Bh3 Ba7 92. Bc8 Bg1 
93. Kg5 Bd4 94. Bd7 Bc5 95. Kg6 Bg1 96. Bc6 Be3 97. Bb7 Bc1 98. Bc8 Be3 
99. Bf5 Bf2 100. Bb1 Bb6 1/2-1/2

[Event "Monday 09 April, Rapid Engine Tour 13+2 Rds 7, starts 16.00 ST"]
[Site "Infinity Chess"]
[Date "2018.4.9"]
[Round "5"]
[White "Vimtiroba"]
[Black "Murx"]
[Result "1/2-1/2"]
[ECO "D02"]
[WhiteElo "2374"]
[BlackElo "2459"]
[WhiteEngine "SF9 ''A6''_CTG"]
[BlackEngine "asmFishW_2018-04-07_popcnt"]
[EventType "Swiss"]
[WhiteTeam ""]
[BlackTeam ""]
[PlyCount "126"]
[TimeControl "780+2"]

1. d4 d5 2. Nf3 Nf6 3. c4 e6 4. Nc3 c6 5. e3 Nbd7 6. Qc2 Bd6 7. Bd3 dxc4 
8. Bxc4 O-O 9. O-O b5 10. Bd3 Bb7 11. e4 e5 12. Rd1 a6 13. h3 exd4 14. Nxd4 Qc7 
15. Nf5 Bh2+ 16. Kh1 Be5 17. f3 Rfd8 18. Qf2 c5 19. Be3 g6 20. Nh6+ Kg7 
21. Qh4 Ng8 22. Nxg8 Kxg8 23. f4 Bd4 24. Bxd4 cxd4 25. Nd5 Bxd5 26. exd5 Qb6 
27. Rac1 Rac8 28. Rc6 Rxc6 29. dxc6 Nc5 30. Be2 Re8 31. Bf3 Ne4 32. f5 Qxc6 
33. fxg6 hxg6 34. Rxd4 Qc1+ 35. Rd1 Qc2 36. Rd8 Qc1+ 37. Rd1 Qc4 38. Bxe4 Qxe4 
39. Qxe4 Rxe4 40. Rd6 Re1+ 41. Kh2 Re2 42. Rxa6 Rxb2 43. Ra8+ Kg7 44. Ra6 b4 
45. Kg3 b3 46. axb3 Rxb3+ 47. Kf4 Kh6 48. Ra4 Kh5 49. Ra7 g5+ 50. Kf5 Rb5+ 
51. Kf6 Rb6+ 52. Kxf7 Kh4 53. Ra4+ Kh5 54. g3 Rb7+ 55. Kf6 Rb6+ 56. Kf5 Rb5+ 
57. Ke4 Rb3 58. g4+ Kh6 59. Ra6+ Kg7 60. Ra7+ Kf6 61. Ra6+ Kg7 62. Kf5 Rb5+ 
63. Ke4 Rb3 1/2-1/2

[Event "Monday 09 April, Rapid Engine Tour 13+2 Rds 7, starts 16.00 ST"]
[Site "Infinity Chess"]
[Date "2018.4.9"]
[Round "5"]
[White "TasicV"]
[Black "koalachess"]
[Result "1-0"]
[ECO "C11"]
[WhiteElo "2396"]
[BlackElo "2294"]
[WhiteEngine "SugaR.XPrO.1.4.64.POCNT_CTG"]
[BlackEngine "stockfish_9_x64_popcnt_CTG"]
[EventType "Swiss"]
[WhiteTeam ""]
[BlackTeam ""]
[PlyCount "175"]
[TimeControl "780+2"]

1. e4 e6 2. d4 d5 3. Nc3 Nf6 4. e5 Nfd7 5. f4 c5 6. Nf3 Nc6 7. Be3 cxd4 
8. Nxd4 Qb6 9. Qd2 Qxb2 10. Rb1 Qa3 11. Bb5 Nxd4 12. Bxd4 a6 13. Bxd7+ Bxd7 
14. Rb3 Qe7 15. Rxb7 Rc8 16. O-O Qd8 17. Qe3 Rc4 18. Rfb1 Be7 19. f5 Bg5 
20. Qd3 O-O 21. f6 Bc6 22. Bb6 Qe8 23. Re7 Qb8 24. Bd4 Rb4 25. Rb3 a5 26. h3 Bh6 
27. Ra7 Rc8 28. Rxa5 Bf4 29. Raa3 Rxb3 30. Rxb3 Qc7 31. Qe2 g6 32. g3 Bc1 
33. Rb6 Ba3 34. Nb5 Bxb5 35. Rxb5 Bf8 36. Qd3 Qd7 37. c3 Qc7 38. h4 Ra8 
39. Qb1 Qc4 40. Rb7 Qe2 41. Rb2 Qc4 42. Rb7 Qe2 43. a4 h5 44. Rb2 Qc4 
45. Qa2 Qd3 46. Kh2 Bh6 47. Qb3 g5 48. Qb7 Rf8 49. hxg5 Bxg5 50. Qb5 Qf3 
51. a5 Kh7 52. Rf2 Qe4 53. Qf1 h4 54. gxh4 Qxh4+ 55. Qh3 Kg6 56. Qxh4 Bxh4 
57. Ra2 Rh8 58. Kg2 Kf5 59. Kf3 Bg5 60. a6 Ra8 61. a7 Bf4 62. Re2 Rh8 
63. Rb2 Ra8 64. Rb8 Rxa7 65. Bxa7 Bxe5 66. Rf8 Bxc3 67. Rxf7 Bxf6 68. Bc5 Kg6 
69. Rf8 Be5 70. Kg4 Bg7 71. Rb8 Be5 72. Rb7 Bc3 73. Ba3 Bg7 74. Bb2 e5 
75. Rb6+ Kf7 76. Kf5 Ke7 77. Bxe5 Bxe5 78. Kxe5 Kd7 79. Rd6+ Ke7 80. Rxd5 Kf7 
81. Kd6 Kf6 82. Kd7 Kg7 83. Ke7 Kg6 84. Re5 Kg7 85. Re6 Kh8 86. Kf8 Kh7 
87. Kf7 Kh8 88. Rh6# 1-0

[Event "Monday 09 April, Rapid Engine Tour 13+2 Rds 7, starts 16.00 ST"]
[Site "Infinity Chess"]
[Date "2018.4.9"]
[Round "5"]
[White "Dovahkiin"]
[Black "star99"]
[Result "1/2-1/2"]
[ECO "C55"]
[WhiteElo "2393"]
[BlackElo "2446"]
[WhiteEngine "Raubfisch ME262_GTZ16f_CTG"]
[BlackEngine "Cryptic Heroes 9.3B"]
[EventType "Swiss"]
[WhiteTeam ""]
[BlackTeam ""]
[PlyCount "137"]
[TimeControl "780+2"]

1. e4 e5 2. Nf3 Nc6 3. Bc4 Nf6 4. d3 Bc5 5. O-O a5 6. c3 d6 7. Bg5 Ba7 
8. Nbd2 h6 9. Bh4 g5 10. Bg3 O-O 11. Re1 Be6 12. a4 Rb8 13. Bb3 Nd7 14. Nf1 Kg7 
15. h3 Bxb3 16. Qxb3 f5 17. exf5 Qf6 18. Ne3 Bxe3 19. Rxe3 Qf7 20. Qb5 Qxf5 
21. Rae1 Nb6 22. h4 Rf6 23. Re4 Rbf8 24. b3 Kg6 25. Nd2 R6f7 26. Nc4 Na7 
27. Qxa5 Nc6 28. Qb5 Na7 29. Qb4 Nc6 30. Qa3 Nd7 31. R4e3 Nc5 32. h5+ Kxh5 
33. Qa2 Kg6 34. Rf3 Qd7 35. Rxf7 Qxf7 36. Qc2 Qf5 37. Rd1 Kg7 38. b4 Nd7 
39. Ne3 Qg6 40. a5 h5 41. Qa4 h4 42. Bh2 g4 43. b5 Nc5 44. Qxg4 Qxg4 
45. Nxg4 Nxa5 46. b6 c6 47. d4 Ne6 48. dxe5 d5 49. Ne3 Nb3 50. Rb1 Nd2 
51. Ra1 Ne4 52. Nd1 Kg6 53. f3 N4c5 54. Ne3 h3 55. Nc2 Nd7 56. Ra7 Nxb6 
57. Rxb7 Nc4 58. Nd4 Nxd4 59. cxd4 hxg2 60. Kxg2 Ne3+ 61. Kg3 Nf1+ 62. Kg2 Nxh2 
63. Kxh2 Rxf3 64. Kg2 Rf4 65. Rb6 Rxd4 66. Rxc6+ Kf5 67. e6 Kf6 68. Kg3 Rd1 
69. Kf3 1/2-1/2

[Event "Monday 09 April, Rapid Engine Tour 13+2 Rds 7, starts 16.00 ST"]
[Site "Infinity Chess"]
[Date "2018.4.9"]
[Round "5"]
[White "Time_bandit"]
[Black "Thinker"]
[Result "1/2-1/2"]
[ECO "C77"]
[WhiteElo "2441"]
[BlackElo "2463"]
[WhiteEngine "asmFishW_2018-02-02_popcnt"]
[BlackEngine "BrainFish_180404_x64_modern_CTG"]
[EventType "Swiss"]
[WhiteTeam ""]
[BlackTeam ""]
[PlyCount "86"]
[TimeControl "780+2"]

1. e4 e5 2. Nf3 Nc6 3. Bb5 a6 4. Ba4 Nf6 5. O-O Be7 6. Re1 b5 7. Bb3 O-O 
8. c3 d5 9. exd5 Nxd5 10. Nxe5 Nxe5 11. Rxe5 c6 12. d4 Bd6 13. Re1 Qh4 
14. g3 Qh3 15. Be3 Be6 16. Qf3 a5 17. Qg2 Qf5 18. Bd1 b4 19. c4 Nxe3 
20. fxe3 Bxc4 21. Nd2 Bb5 22. Rc1 Rac8 23. Ne4 Rcd8 24. Nc5 Qg5 25. Ne4 Qe7 
26. Nxd6 Rxd6 27. Qf2 Rfd8 28. Bf3 h6 29. Red1 f5 30. h4 a4 31. a3 b3 
32. Bg2 Kh8 33. Rc5 Re8 34. Rxf5 Qxe3 35. Rf8+ Kh7 36. Rxe8 Qxe8 37. Re1 Qd8 
38. Qf5+ Kg8 39. Qh5 Qf6 40. Qe8+ Qf8 41. Qh5 Qf6 42. Qe8+ Qf8 43. Qh5 Qf6 
1/2-1/2

[Event "Monday 09 April, Rapid Engine Tour 13+2 Rds 7, starts 16.00 ST"]
[Site "Infinity Chess"]
[Date "2018.4.9"]
[Round "5"]
[White "MCDermont"]
[Black "SkyPilot"]
[Result "1/2-1/2 "]
[ECO "C50"]
[WhiteElo "2473"]
[BlackElo "2459"]
[WhiteEngine "BrainFish 090218"]
[BlackEngine "stockfish_x64_bmi2_2018_04_07_CTG"]
[EventType "Swiss"]
[WhiteTeam ""]
[BlackTeam ""]
[PlyCount "127"]
[TimeControl "780+2"]

1. e4 e5 2. Nf3 Nc6 3. Bc4 Bc5 4. O-O Nf6 5. d3 d6 6. c3 a5 7. Nbd2 O-O 
8. Re1 h6 9. Nf1 a4 10. h3 Bd7 11. Bb5 Ne7 12. Bxd7 Qxd7 13. Ng3 Bb6 14. d4 Rfe8 
15. Be3 Qb5 16. Rb1 exd4 17. cxd4 d5 18. e5 Ne4 19. Nh4 Nxg3 20. fxg3 g5 
21. Kh1 Qd7 22. Nf3 Nf5 23. Bf2 Rf8 24. Qd3 Ng7 25. Nh2 f6 26. Ng4 fxe5 
27. Rxe5 Qd6 28. Be1 h5 29. Nh2 Rae8 30. Rxg5 Qe6 31. Re5 Qc6 32. Rg5 Qe6 
33. Re5 Qc6 34. Nf3 Qc4 35. Qxc4 dxc4 36. Rc1 Nf5 37. Rxc4 Bxd4 38. Rxe8 Rxe8 
39. Kh2 c5 40. Rxa4 Re2 41. b4 Ne3 42. Kh1 Nf5 43. Ra3 cxb4 44. Rb3 Bc5 
45. g4 hxg4 46. hxg4 Ne3 47. Bxb4 Bxb4 48. Rxb4 Rxa2 49. Nh4 Ra1+ 50. Kh2 b5 
51. Rxb5 Nxg4+ 52. Kh3 Ne3 53. Rb3 Nxg2 54. Nxg2 Kf7 55. Rb6 Rc1 56. Kg4 Ke7 
57. Kf5 Kd7 58. Nf4 Rc5+ 59. Ke4 Rc4+ 60. Kf5 Rc1 61. Ra6 Rc4 62. Ke5 Rc6 
63. Ra7+ Rc7 64. Ra5 1/2-1/2

[Event "Monday 09 April, Rapid Engine Tour 13+2 Rds 7, starts 16.00 ST"]
[Site "Infinity Chess"]
[Date "2018.4.9"]
[Round "5"]
[White "Katzenmaier"]
[Black "MarioDeMonti"]
[Result "1/2-1/2"]
[ECO "C55"]
[WhiteElo "2488"]
[BlackElo "2499"]
[WhiteEngine "Cfish 2018-04-08 64 NUMA POPC"]
[BlackEngine "stockfish_x64_bmi2_2018_02_18_CTG"]
[EventType "Swiss"]
[WhiteTeam ""]
[BlackTeam ""]
[PlyCount "114"]
[TimeControl "780+2"]

1. e4 e5 2. Nf3 Nc6 3. Bc4 Nf6 4. d3 Bc5 5. c3 d6 6. O-O O-O 7. Re1 Bb6 
8. Bb3 Ne7 9. Na3 c6 10. Nc4 Bc7 11. Bg5 Ng6 12. Nh4 Nf4 13. Bxf4 exf4 
14. Nf3 Bg4 15. Ncd2 Re8 16. d4 Bh5 17. h3 h6 18. Qc2 Bg6 19. Bc4 Nh7 20. a4 Ng5 
21. Nxg5 hxg5 22. Nf3 Rb8 23. b4 Qe7 24. Nd2 Qd7 25. a5 g4 26. hxg4 Qxg4 
27. Qd1 Qh4 28. Bb3 Rbd8 29. b5 cxb5 30. Bd5 Bh5 31. Nf3 Qe7 32. Qd3 g6 
33. Qxb5 Kg7 34. Kf1 b6 35. a6 Rb8 36. Ke2 Qg5 37. Kf1 Qe7 38. Rab1 Bg4 
39. Ke2 Bd7 40. Qb4 b5 41. Kd3 Rh8 42. Rh1 Rbe8 43. Rxh8 Rxh8 44. Ne5 Be8 
45. Nf3 g5 46. Ne5 g4 47. Nc6 Qh4 48. Qb2 Qh2 49. Qc1 Bxc6 50. Bxc6 Qxg2 
51. Qxf4 Rh3+ 52. Kc2 Rf3 53. Qg5+ Kf8 54. Qh6+ Kg8 55. Qg5+ Kf8 56. Qh6+ Kg8 
57. Qg5+ Kf8 1/2-1/2

[Event "Monday 09 April, Rapid Engine Tour 13+2 Rds 7, starts 16.00 ST"]
[Site "Infinity Chess"]
[Date "2018.4.9"]
[Round "5"]
[White "Susanne"]
[Black "CrapCleaner"]
[Result "1/2-1/2 "]
[ECO "C53"]
[WhiteElo "2504"]
[BlackElo "2493"]
[WhiteEngine "BrainFish_180408_x64_bmi2_CTG"]
[BlackEngine "komodo-11.3.1-64bit-BMI2_CTG"]
[EventType "Swiss"]
[WhiteTeam ""]
[BlackTeam ""]
[PlyCount "272"]
[TimeControl "780+2"]

1. e4 e5 2. Nf3 Nc6 3. Bc4 Bc5 4. c3 Nf6 5. d3 d6 6. O-O O-O 7. Nbd2 a6 8. a4 a5 
9. Re1 h6 10. Nf1 Be6 11. Bxe6 fxe6 12. Qb3 Qd7 13. Ng3 Rf7 14. Be3 Bxe3 
15. Rxe3 Raf8 16. h3 b6 17. Rd1 Qe8 18. Qc4 Qd7 19. b4 axb4 20. cxb4 d5 
21. Qc1 d4 22. Re2 Qd6 23. b5 Na5 24. Rc2 Nh7 25. Nh2 Nb3 26. Qb2 Nc5 27. a5 Ra8 
28. a6 Nf8 29. Ne2 Ng6 30. f4 Nxf4 31. Nxf4 Rxf4 32. Nf3 Rf7 33. Qa2 Re7 
34. Qc4 c6 35. Ra1 Rea7 36. Rca2 cxb5 37. Qxb5 Kh7 38. Kh2 Rc8 39. Rc2 Qd8 
40. Rb1 Qf8 41. Ra1 Rca8 42. Rca2 Qd8 43. Kg1 Qc7 44. Ne1 Kg8 45. Kh1 Rb8 
46. Rc1 Qd6 47. Nf3 Rba8 48. Rca1 Rc7 49. Rc1 Kh7 50. Rf1 Rca7 51. Rfa1 Qc7 
52. Ne1 Rc8 53. Rc2 Rca8 54. Rca2 Rc8 55. Rc2 Kg6 56. Nf3 Rca8 57. Rca2 Kf7 
58. Kh2 Kg8 59. Ne1 Qd6 60. Nf3 Kh7 61. Kh1 Rc7 62. Rf1 Nd7 63. g4 Qc5 
64. Qb3 Qe7 65. g5 Rca7 66. Qb5 hxg5 67. Rg1 Kg8 68. Nxg5 Qf6 69. Raa1 Nc5 
70. Raf1 Qe7 71. Qxb6 Rxa6 72. Qb5 Ra3 73. Rf7 Qd6 74. Qb2 Ra2 75. Qb1 R2a7 
76. Rff1 Rf8 77. Qd1 g6 78. Rf3 Rf4 79. Rfg3 Kf8 80. Nf3 Raf7 81. Nd2 R4f6 
82. Qc1 Rh7 83. Qc2 Rf2 84. R1g2 Rxg2 85. Kxg2 Kg7 86. Nf3 Rh5 87. Ng5 Kg8 
88. Qb1 Qc7 89. Qb5 Nd7 90. Qb3 Nc5 91. Qb5 Nd7 92. Qb3 Nc5 93. Qa3 Qe7 
94. Nf3 Kg7 95. h4 Kh6 96. Qc1+ Kg7 97. Qa3 Kh6 98. Qc1+ Kg7 99. Qc4 Qa7 
100. Qb5 Kf7 101. Kh2 Kg7 102. Kh3 Qe7 103. Ng5 Nd7 104. Qc6 Nf8 105. Rg2 Qf6 
106. Qc1 Nh7 107. Kg4 Kg8 108. Nf3 Nf8 109. Ng5 Qh8 110. Rh2 Qf6 111. Rb2 Qh8 
112. Rh2 Qf6 113. Kg3 Nh7 114. Qc8+ Nf8 115. Qc1 Qe7 116. Rf2 Qd8 117. Ra2 Nh7 
118. Rc2 Qf6 119. Nf3 Nf8 120. Rc8 Kf7 121. Ng5+ Kg8 122. Nf3 Qh8 123. Ng5 Qf6 
124. Rc7 Kh8 125. Rc2 Kg8 126. Rc7 Kh8 127. Rc5 Kg8 128. Rc8 Kh8 129. Rc7 Kg8 
130. Ra7 Kh8 131. Ra8 Kg7 132. Ra7+ Kg8 133. Rb7 Kh8 134. Rb2 Kg8 135. Rf2 Qd8 
136. Kh3 Nh7 1/2-1/2